 Dungeon Crawl Stone Soup version 0.25-a0-591-g2ad0d86 (webtiles) character file.

Game seed: 4989061242472478984, levelgen mode: deterministic

2496254 HallandMoats the Slayer (level 27, 56/146 HPs)
             Began as a Vine Stalker Fighter on Mar 14, 2020.
             Was the Champion of Okawaru.
             Escaped with the Orb
             ... and 4 runes!
             The game lasted 03:04:52 (66647 turns).

HallandMoats the Slayer (Vine Stalker Fighter)     Turns: 66647, Time: 03:04:53

Health: 56/146     AC: 44    Str: 29    XL:     27
Magic:  16/36      EV: 15    Int:  9    God:    Okawaru [******]
Gold:   4874       SH: 34    Dex: 21    Spells: 26/26 levels left

rFire    + + .     SeeInvis .   a - +18 lance "Wyrmbane" {slay drac, rPois rF+ rC+ AC+3}
rCold    + + .     Gourm    .   E - +18 shield of the Gong {rElec rN+ MR+ EV-5}
rNeg     + + .     Faith    .   Q - +9 gold dragon scales
rPois    +         Spirit   +   p - +2 hat {MR+}
rElec    +         Reflect  .   t - scarf {repulsion}
rCorr    .         Harm     .   Z - +2 pair of gloves {Dex+3}
MR       +++++                  M - +2 pair of boots {run}
Stlth    ..........             Y - amulet of regeneration
HPRegen  1.54/turn              b - ring "Koenwim" {+Fly rElec rN+ Dex-5 Slay+6}
MPRegen  0.25/turn              s - ring of Brilliance {rElec Str+5 Int+2 Slay+2}

@: frozen, repel missiles, slow
A: fangs 3, talons 1, agile 2, blurry vision 1, deterioration 2, dopey 2, frail
1, regeneration 2, magic shield, antimagic bite, no potion heal 3, rot immunity
0: Orb of Zot
}: 4/15 runes: serpentine, barnacled, slimy, silver
a: Heroism, Finesse, Renounce Religion, Evoke Flight


You escaped.
You worshipped Okawaru.
Okawaru was exalted by your worship.
You were not hungry.

You visited 11 branches of the dungeon, and saw 55 of its levels.
You visited 1 bazaar.
You also visited: Ossuary, Gauntlet and Desolation.

You collected 8372 gold pieces.
You spent 3498 gold pieces at shops.

Inventory:

Hand Weapons
 a - the +18 lance "Wyrmbane" (weapon) {slay drac, rPois rF+ rC+ AC+3}
   (You took it off Maggie on level 6 of the Dungeon)

   It affects your AC (+3).
   It protects you from fire.
   It protects you from cold.
   It protects you from poison.
 K - the +7 flail of Hejo {flame, +Rage rElec rF+ rC+}
   (You took it off a death knight on level 15 of the Dungeon)

   It has been specially enchanted to burn those struck by it, causing extra
   injury to most foes and up to half again as much damage against particularly
   susceptible opponents.
   It protects you from fire.
   It protects you from cold.
   It insulates you from electricity.
   It lets you go berserk.
Missiles
 H - 16 throwing nets (quivered)
Armour
 p - a +2 hat of magic resistance (worn)
 t - a scarf of repulsion (worn)
 D - the +1 troll leather armour of Puakhlyri {rN++ Regen+ Int+2 Stlth+}
   (You bought it in a shop on level 2 of the Snake Pit)

   It affects your intelligence (+2).
   It greatly protects you from negative energy.
   It increases your rate of regeneration.
   It makes you more stealthy.
 E - the +18 shield of the Gong (worn) {rElec rN+ MR+ EV-5}
   (You found it on level 5 of the Pits of Slime)

   It affects your evasion (-5).
   It insulates you from electricity.
   It protects you from negative energy.
   It affects your resistance to hostile enchantments.
 F - the +1 cloak of the Forgotten Stars {MR+ Dex+5}
   (Okawaru gifted it to you in the Desolation of Salt)

   It affects your dexterity (+5).
   It affects your resistance to hostile enchantments.
 M - a +2 pair of boots of running (worn)
 O - a +1 pair of boots of flying
 Q - +9 gold dragon scales (worn)
 W - the +15 Maxwell's patent armour {-Cast -Tele rElec MR+ rCorr}
   (You found it on level 10 of the Dungeon)

   It insulates you from electricity.
   It affects your resistance to hostile enchantments.
   It prevents spellcasting.
   It prevents most forms of teleportation.
   It provides partial protection from all sources of acid and corrosion.
 Z - a +2 pair of gloves of dexterity (worn)
Jewellery
 b - the ring "Koenwim" (left hand) {+Fly rElec rN+ Dex-5 Slay+6}
   (You found it on level 5 of the Vaults)

   [ring of flight]

   It affects your dexterity (-5).
   It affects your accuracy and damage with ranged weapons and melee attacks
   (+6).
   It insulates you from electricity.
   It protects you from negative energy.
   It lets you fly.
 k - a +2 ring of slaying
 s - the ring of Brilliance (right hand) {rElec Str+5 Int+2 Slay+2}
   (You found it on level 5 of the Pits of Slime)

   [ring of strength]

   It affects your strength (+5).
   It affects your intelligence (+2).
   It affects your accuracy and damage with ranged weapons and melee attacks
   (+2).
   It insulates you from electricity.
 P - an uncursed ring of see invisible
 T - an uncursed ring of resist corrosion
 V - the ring "Mielicucw" {rElec rF+ Int+6}
   (You found it on level 5 of the Vaults)

   [ring of intelligence]

   It affects your intelligence (+6).
   It protects you from fire.
   It insulates you from electricity.
 Y - an amulet of regeneration (around neck)
Wands
 v - a wand of acid (44)
 z - a wand of clouds (1)
 X - a wand of digging (5)
Scrolls
 d - 25 scrolls of remove curse
 e - 33 scrolls of teleportation
 h - 2 scrolls of holy word
 j - 4 scrolls of magic mapping
 u - 12 scrolls of amnesia
 x - 5 scrolls of fog
 y - 9 scrolls of enchant weapon
 A - 8 scrolls of fear
 B - 4 scrolls of silence
 C - 8 scrolls of immolation
 I - 3 scrolls of identify
 L - 9 scrolls of blinking
 S - 3 scrolls of summoning
Potions
 g - 3 potions of mutation
 i - 3 potions of stabbing
 l - 2 potions of resistance
 m - 29 potions of curing
 o - 6 potions of magic
 q - a potion of haste
 w - a potion of might
 G - 3 potions of flight
 N - a potion of cancellation
 R - 5 potions of ambrosia
 U - 2 potions of berserk rage
Miscellaneous
 J - 5 phantom mirrors
Comestibles
 f - 90 rations


   Skills:
 * Level 22.5 Fighting
   Level 3.7(13.5) Axes
 + Level 19.3(19.4) Polearms
 + Level 19.4 Armour
 + Level 19.3 Dodging
 - Level 10.7 Stealth
 * Level 16.8 Shields
 + Level 17.1 Invocations
 + Level 11.5 Evocations


You had 26 spell levels left.
You didn't know any spells.
Your spell library contained the following spells:

 Spells                   Type           Power        Failure   Level  Hunger
 Apportation              Tloc           #.....       99%         1    ##.....
 Corona                   Hex            #......      99%         1    ##.....
 Foxfire                  Conj/Fire      #...         99%         1    ##.....
 Freeze                   Ice            #...         99%         1    ##.....
 Infusion                 Chrm           #...         99%         1    ##.....
 Magic Dart               Conj           #...         99%         1    ##.....
 Sandblast                Erth           #.....       99%         1    ##.....
 Shock                    Conj/Air       #...         99%         1    ##.....
 Sting                    Tmut/Pois      #...         99%         1    ##.....
 Summon Butterflies       Summ           #.......     99%         1    ##.....
 Summon Small Mammal      Summ           #...         99%         1    ##.....
 Blink                    Tloc           N/A          100%        2    ###....
 Call Imp                 Summ           #.......     100%        2    ###....
 Corpse Rot               Necr/Air       N/A          100%        2    ###....
 Ensorcelled Hibernation  Hex/Ice        #.....       100%        2    ###....
 Passwall                 Tmut/Erth      #.......     100%        2    ###....
 Poisonous Vapours        Pois/Air       #.....       100%        2    ###....
 Searing Ray              Conj           #.....       100%        2    ###....
 Shroud of Golubria       Chrm/Tloc      #.....       100%        2    ###....
 Slow                     Hex            #.......     100%        2    ###....
 Song of Slaying          Chrm           #.......     100%        2    ###....
 Sublimation of Blood     Necr           #.........   100%        2    ###....
 Swiftness                Chrm/Air       #.......     100%        2    ###....
 Call Canine Familiar     Summ           #.......     100%        3    ####...
 Confusing Touch          Hex            #.......     100%        3    ####...
 Conjure Flame            Conj/Fire      #.......     100%        3    ####...
 Dazzling Flash           Conj/Hex       #.....       100%        3    ####...
 Frozen Ramparts          Ice            #.....       100%        3    ####...
 Gell's Gravitas          Tloc           #.........   100%        3    ####...
 Ignite Poison            Fire/Tmut/Pois #.......     100%        3    ####...
 Inner Flame              Hex/Fire       #.......     100%        3    ####...
 Lesser Beckoning         Tloc           #.........   100%        3    ####...
 Mephitic Cloud           Conj/Pois/Air  #.......     100%        3    ####...
 Ozocubu's Armour         Chrm/Ice       #.......     100%        3    ####...
 Portal Projectile        Hex/Tloc       #.....       100%        3    ####...
 Recall                   Summ/Tloc      N/A          100%        3    ####...
 Spectral Weapon          Hex/Chrm       #.......     100%        3    ####...
 Static Discharge         Conj/Air       #.......     100%        3    ####...
 Stone Arrow              Conj/Erth      #.....       100%        3    ####...
 Summon Guardian Golem    Hex/Summ       #.......     100%        3    ####...
 Tukima's Dance           Hex            #.......     100%        3    ####...
 Airstrike                Air            #.........   100%        4    #####..
 Animate Dead             Necr           N/A          100%        4    #####..
 Cause Fear               Hex            #.........   100%        4    #####..
 Dispel Undead            Necr           #.......     100%        4    #####..
 Fulminant Prism          Conj/Hex       #.........   100%        4    #####..
 Hailstorm                Conj/Ice       #.......     100%        4    #####..
 Ice Form                 Ice/Tmut       #.......     100%        4    #####..
 Iskenderun's Mystic Bla  Conj/Tloc      #.......     100%        4    #####..
 Leda's Liquefaction      Hex/Erth       #.........   100%        4    #####..
 Olgreb's Toxic Radiance  Pois           #.......     100%        4    #####..
 Petrify                  Tmut/Erth      #.......     100%        4    #####..
 Sticky Flame             Conj/Fire      #.......     100%        4    #####..
 Summon Ice Beast         Ice/Summ       #.......     100%        4    #####..
 Summon Lightning Spire   Summ/Air       #.......     100%        4    #####..
 Agony                    Necr           #.......     100%        5    ######.
 Alistair's Intoxication  Tmut/Pois      #.......     100%        5    ######.
 Bolt of Magma            Conj/Fire/Erth #.........   100%        5    ######.
 Borgnjor's Vile Clutch   Necr/Erth      #.........   100%        5    ######.
 Excruciating Wounds      Chrm/Necr      #.........   100%        5    ######.
 Fireball                 Conj/Fire      #.........   100%        5    ######.
 Iskenderun's Battlesphe  Conj/Chrm      #.......     100%        5    ######.
 Lee's Rapid Deconstruct  Erth           #.........   100%        5    ######.
 Lightning Bolt           Conj/Air       #.........   100%        5    ######.
 Metabolic Englaciation   Hex/Ice        #.........   100%        5    ######.
 Silence                  Hex/Air        #.........   100%        5    ######.
 Summon Demon             Summ           #.........   100%        5    ######.
 Summon Forest            Summ/Tloc      #.........   100%        5    ######.
 Summon Mana Viper        Hex/Summ       #.......     100%        5    ######.
 Conjure Ball Lightning   Conj/Air       #.........   100%        6    #######
 Darkness                 Hex            #.........   100%        6    #######
 Death Channel            Necr           #.........   100%        6    #######
 Deflect Missiles         Chrm/Air       #.........   100%        6    #######
 Dispersal                Tloc           #.........   100%        6    #######
 Eringya's Noxious Bog    Tmut/Pois      #.........   100%        6    #######
 Freezing Cloud           Conj/Ice/Air   #.........   100%        6    #######
 Hydra Form               Tmut           #.........   100%        6    #######
 Invisibility             Hex            #.......     100%        6    #######
 Iron Shot                Conj/Erth      #.........   100%        6    #######
 Ozocubu's Refrigeration  Ice            #.........   100%        6    #######
 Shadow Creatures         Summ           N/A          100%        6    #######
 Simulacrum               Ice/Necr       #.........   100%        6    #######
 Starburst                Conj/Fire      #.........   100%        6    #######
 Statue Form              Tmut/Erth      #........    100%        6    #######
 Malign Gateway           Summ/Tloc      #.........   100%        7    #######
 Orb of Destruction       Conj           #.........   100%        7    #######
 Ring of Flames           Chrm/Fire      #.........   100%        7    #######
 Spellforged Servitor     Conj/Summ      #.........   100%        7    #######
 Summon Hydra             Summ           #.........   100%        7    #######
 Chain Lightning          Conj/Air       #.........   100%        8    #######
 Controlled Blink         Tloc           N/A          100%        8    #######
 Discord                  Hex            #.........   100%        8    #######
 Disjunction              Tloc           #.........   100%        8    #######
 Ignition                 Fire           #.........   100%        8    #######
 Lehudib's Crystal Spear  Conj/Erth      #.........   100%        8    #######
 Dragon's Call            Summ           #.........   100%        9    #######
 Fire Storm               Conj/Fire      #.........   100%        9    #######
 Glaciate                 Conj/Ice       #.........   100%        9    #######
 Shatter                  Erth           #.........   100%        9    #######
 Passage of Golubria      Tloc           Unusable     N/A         4    N/A

Dungeon Overview and Level Annotations

Branches:
Dungeon (15/15)            Temple (1/1) D:5            Lair (6/6) D:10
 Shoals (4/4) Lair:4        Snake (4/4) Lair:2        Slime (5/5) Lair:6
    Orc (2/2) D:10            Elf (3/3) Orc:2        Vaults (5/5) D:13
  Crypt (0/3) Vaults:3     Depths (5/5) D:15            Zot (5/5) Depths:5
Ossuary (visited)         Desolation (visited)      Gauntlet (visited)

Altars:
Ashenzari
Cheibriados
Dithmenos
Elyvilon
Fedhas
Gozag
Hepliaklqana
Kikubaaqudgha
Makhleb
Nemelex Xobeh
Okawaru
Qazlal
Ru
Sif Muna
Trog
Uskayaw
Vehumet
Wu Jian
Xom
Yredelemnul
Zin
The Shining One
Beogh

Shops:
D:8 ?   D:13 *?=   Orc:2 ([*[   Elf:3 ***   Snake:1 }=}   Snake:2 [(
Vaults:2 (   Vaults:3 !   Depths:3 *

Portals:
Hell: Depths:1 Depths:2 Depths:3 Depths:4 Depths:5
Abyss: Zot:1 Depths:1 Depths:3 Depths:4
Pandemonium: Depths:3 Depths:4
Ziggurat: Depths:1

Annotations:
Zot:1 2 transporters, Xicving's ghost, master DEAE
Zot:5 3 runed translucent doors, Steadysplat's ghost, legendary GnFi; mistaj's ghost, legendary DDMo; vegansnacktivist's ghost, legendary HOFi


Innate Abilities, Weirdness & Mutations

You have razor-sharp teeth.
You heal very quickly.
When hurt, damage is shared between your health and your magic reserves.
Your bite disrupts and absorbs the magic of your enemies.
Potions cannot restore your health.
You are immune to rotting.
You have sharp toenails.
You are very agile. (Dex +4)
Scrolls take you a little longer to read.
Your body often deteriorates upon taking damage.
You are very dopey. (Int -4)
You are frail. (-10% HP)


Message History

An Orb Guardian comes into view.
Attack whom?
Press: ? - help, Dir - move target cursor, f/p - red devil
Aim: a red devil, wielding a +0 trident (flame, severely wounded)
You reach to attack!
You impale the red devil!!
You kill the red devil!
Okawaru accepts your kill.
You are engulfed in blazing flames.
You resist. Something hits you but does no damage.
Attack whom?
Press: ? - help, Dir - move target cursor, f - you That would be overly suicidal.
Okay, then.
Attack whom?
Press: ? - help, Dir - move target cursor, f - you
Okay, then.
Unknown command.
You are engulfed in blazing flames.
You resist. Something hits you but does no damage.
You have escaped!

########.# #.....# ##.>.....>####
#.....# ##....♣♣♣.....# ##.....#
##.☼.♣♣♣♣♣♣♣.#.# #.......
#..☼☼♣♣∩∩∩♣♣♣..###.##.##.
#...☼§§)).∩♣♣....#.##.##.
#..♣♣♣☼☼§§§♣♣♣........##.
#..♣♣§§§§§§∩♣♣...#.#####.
#########..♣♣§°§@{§.X...##.#####.
#..........♣♣§°§°§○∩♣♣...........
#.####.###.♣♣§°°°○○♣♣♣..#######.#
#.####.###.§§♣§...∩♣♣...# #.#
......)...#§♣♣♣∩∩∩♣♣♣.#.#######..
#.####.##.##.♣♣♣♣♣♣♣.##.......#.#
#......##......♣♣♣..#########.#..
############.>.....⌠# ##.###
.....# ###.##.#..# #...#


You could see an Orb Guardian.

Vanquished Creatures
  the Royal Jelly (Slime:5)
  2 ancient liches (Zot:5)
  10 orbs of fire
  Mennas (Vaults:4)
  Mara (Snake:3)
  Boris (twice) (Depths:5 D:1)
  A pandemonium lord (Zot:4)
  3 Killer Klowns (Zot:5)
  Frederick (Vaults:4)
  A curse toe (Zot:3)
  The ghost of Mavorror the Tortoise, a veteran FoFi of Okawaru (Depths:5)
  Xtahua (Depths:5)
  A shard shrike (Zot:2)
  10 golden dragons
  Jory (Vaults:4)
  Nikola (Snake:2)
  2 electric golems (Zot:5)
  A Tzitzimitl (D:1)
  A Brimstone Fiend (D:9)
  18 tentacled monstrosities
  Jorgrun (Snake:1)
  6 liches
  Rupert (Lair:3)
  2 deep elf blademasters
  30 Orb Guardians
  Polyphemus (Shoals:4)
  3 deep elf master archers (Elf:3)
  9 quicksilver dragons
  5 titans
  20 acid blobs
  12 death cobs
  9 shadow dragons
  3 krakens
  5 sphinxes
  Frances (D:13)
  Kirke (D:11)
  A warmonger (Zot:4)
  16 tengu reavers
  4 draconian monks
  13 storm dragons
  A daeva (Depths:1)
  6 nagarajas (Snake:4)
  10 fire giants
  11 frost giants
  13 azure jellies
  3 balrugs
  An iron dragon (Depths:5)
  2 imperial myrmidons (Desolation)
  8 draconian knights
  3 draconian shifters
  8 vault wardens
  4 ghost moths
  10 deep elf sorcerers
  2 angels
  2 blood saints
  7 draconian scorchers
  2 orc warlords
  15 very ugly things
  4 deep elf elementalists
  A ghoul (Vaults:3)
  3 draconian stormcallers
  2 spriggan defenders (Depths:4)
  26 stone giants
  3 war gargoyles
  4 draconian annihilators
  16 ironheart preservers
  2 entropy weavers
  3 vampire knights
  13 black draconians
  9 deep elf demonologists
  11 green draconians
  3 spark wasps
  5 deep elf annihilators
  8 purple draconians
  11 red draconians
  9 yellow draconians
  14 white draconians
  A blizzard demon (Zot:4)
  3 merfolk javelineers
  A halazid warlock (Desolation)
  2 minotaurs
  17 ettins
  9 deep elf death magi
  6 merfolk impalers
  13 death oozes
  10 deep elf high priests
  4 ragged hierophants (Desolation)
  3 crystal guardians
  8 fire dragons
  14 great orbs of eyes
  13 ogre magi
  23 yaktaur captains
  33 vault guards
  12 ice dragons
  5 spriggan air magi
  3 rakshasas
  10 servants of whispers (Desolation)
  7 hydras
  9 peacekeepers (Desolation)
  14 naga warriors
  A catoblepas (Lair:6)
  A hell beast (Zot:5)
  4 death knights
  12 centaur warriors
  37 two-headed ogres
  12 anacondas
  3 merfolk avatars (Shoals:4)
  4 deep troll shamans
  7 death yaks
  4 hell hogs (D:1)
  4 merfolk aquamancers
  3 tengu warriors
  6 satyrs
  8 shock serpents
  10 deep troll earth magi
  19 dancing weapons
  A vampire mage (Depths:5)
  Sonja (Lair:6)
  A soul eater (D:2)
  4 orc high priests
  10 naga sharpshooters
  A hell knight (Depths:4)
  7 spriggan berserkers
  4 spriggans
  25 deep elf knights
  4 skeletal warriors
  2 salamander mystics
  2 shadow wraiths
  5 flayed ghosts
  A shadow demon (D:9)
  A gelid demonspawn (D:1)
  6 glowing orange brains
  19 sea snakes
  20 deep trolls
  9 large abominations
  An infernal demonspawn (D:1)
  A kraken simulacrum (Shoals:4)
  A spectral hydra (Gauntlet)
  13 naga ritualists
  15 ironbrand convokers
  7 wizards
  A swamp dragon (Lair:6)
  9 mana vipers
  78 deep elf magi
  18 harpies
  5 wolf spiders
  8 phantasmal warriors
  11 orc knights
  2 necromancers
  2 oklob plants (Lair:1)
  A salamander (shapeshifter) (Vaults:4)
  11 deep elf archers
  19 fauns
  9 shining eyes
  A shadow dragon skeleton (Vaults:4)
  35 ugly things
  A shining eye (shapeshifter) (Depths:5)
  A cyclops (shapeshifter) (Depths:4)
  3 elephants
  8 merfolk sirens
  27 moths of wrath
  8 orc sorcerers
  Maurice (D:9)
  17 manticores
  10 salamanders
  A rust devil (Zot:5)
  6 cyclopes
  40 black mambas
  3 molten gargoyles (Desolation)
  4 guardian serpents
  22 naga magi
  2 eyes of devastation (Slime:3)
  An eye of devastation (shapeshifter) (Vaults:4)
  10 water nymphs
  A torpor snail (Lair:6)
  13 vault sentinels
  An orange demon (Zot:5)
  Maggie (D:6)
  5 spectral swamp worms (Depths:2)
  7 spiny frogs
  3 kobold demonologists
  A hellion (Zot:5)
  A rime drake (shapeshifter) (Vaults:3)
  6 rime drakes
  46 yaktaurs
  2 efreet
  A minotaur zombie (Gauntlet)
  9 komodo dragons
  7 freezing wraiths
  A hellwing (D:10)
  A merfolk (shapeshifter) (Vaults:1)
  A troll (shapeshifter) (Vaults:3)
  4 red devils
  A yaktaur skeleton (Vaults:3)
  6 small abominations
  5 tengu conjurers
  2 queen bees
  8 hornets
  A jumping spider (shapeshifter) (Depths:2)
  8 wind drakes
  A tengu simulacrum (Vaults:3)
  A harpy skeleton (D:15)
  3 meliai
  12 blink frogs
  31 merfolk
  13 snapping turtles
  5 trolls
  61 saltlings (Desolation)
  130 slime creatures
  3 dream sheep (Lair:6)
  14 hippogriffs
  A meliai zombie (D:14)
  A snapping turtle (shapeshifter) (Depths:1)
  An air elemental (Elf:1)
  16 flying skulls (Gauntlet)
  3 redbacks (Vaults:3)
  Sigmund (D:2)
  A spriggan (shapeshifter) (Depths:3)
  4 shadows
  A tarantella (Vaults:3)
  15 yaks
  A ynoxinul (Zot:4)
  26 water elementals
  2 wyverns
  7 wraiths
  2 fire elementals
  A yak (shapeshifter) (D:14)
  A hog (D:11)
  2 basilisks (shapeshifter)
  9 humans (D:13)
  5 golden eyes
  3 steam dragons
  A hungry ghost (D:15)
  Menkaure (D:5)
  6 basilisks
  2 vampire mosquitoes (D:15)
  4 wargs
  24 nagas
  3 acid dragons
  3 floating eyes
  A soldier ant (D:15)
  2 hydra simulacra (Zot:2)
  16 water moccasins
  7 porcupines
  3 swamp drakes (Lair:6)
  A sky beast (shapeshifter) (Vaults:2)
  A black bear (D:10)
  6 eyes of draining
  3 ice beasts
  51 orc warriors
  4 sky beasts
  36 ogres
  3 necrophages
  2 wolves (Lair:6)
  11 boggarts
  6 phantoms
  29 centaurs
  14 crocodiles
  7 big kobolds
  2 elf zombies (Ossuary)
  19 bullfrogs
  A gnoll sergeant (D:4)
  An earth elemental (Elf:2)
  A human skeleton (Vaults:4)
  47 killer bees
  3 scorpions
  A human simulacrum (Vaults:3)
  4 wights (D:15)
  2 howler monkeys (D:10)
  10 centaur zombies
  5 crimson imps
  2 quasits
  2 bullfrog zombies
  6 human zombies
  4 jellies
  2 hounds
  19 orc priests
  3 gnoll shamans (D:4)
  33 orc wizards
  2 bullfrog skeletons (D:11)
  2 centaur skeletons
  Ijyb (D:4)
  5 iguanas
  10 worker ants
  A hound zombie (Ossuary)
  A hound skeleton (D:5)
  3 mummies (Ossuary)
  A worker ant zombie (D:9)
  Robin (D:4)
  51 gnolls
  12 adders
  4 shadow imps
  2 adder zombies
  2 adder skeletons
  2 worms
  3 dart slugs
  5 leopard geckos
  155 orcs
  5 ball pythons
  6 giant cockroaches
  2 gnoll zombies (Ossuary)
  11 goblins
  12 hobgoblins
  22 jackals
  7 quokkas
  11 bats
  9 frilled lizards
  3 goblin zombies (Ossuary)
  7 hobgoblin zombies (Ossuary)
  2 jackal zombies (Ossuary)
  15 kobolds
  4 kobold zombies (Ossuary)
  A leopard gecko zombie (D:6)
  An orc zombie (Ossuary)
  A quokka skeleton (D:9)
  2 quokka zombies (Ossuary)
  11 rats
  4 rat zombies (Ossuary)
  15 briar patches (D:12)
  4 crawling corpses
  5 plants
  2 tentacles (Shoals:3)
2707 creatures vanquished.

Vanquished Creatures (others)
  A tentacled monstrosity (Vaults:5)
  A lich (D:1)
  A blizzard demon (D:1)
  A catoblepas (Shoals:3)
  A dancing weapon (Elf:3)
  A deep elf knight (Elf:1)
  An unseen horror (shapeshifter) (Depths:4)
  A deep elf mage (Elf:2)
  A black mamba (Snake:2)
  A hornet (Depths:5)
  2 slime creatures
  An acid dragon (Vaults:2)
  An orc warrior (Vaults:5)
  A sky beast (D:15)
  A centaur (Vaults:3)
  A wight (D:15)
  An orc wizard (D:9)
  2 orcs
  7 briar patches (D:12)
  2 demonic plants (Gauntlet)
  5 fungi
  16 plants
  20 tentacles
  4 withered plants (Zot:5)
74 creatures vanquished.

Grand Total: 2781 creatures vanquished

Notes
Turn   | Place    | Note
-------+----------+-------------------------------------------
     0 | D:1      | HallandMoats the Vine Stalker Fighter began the quest for
                  | the Orb.
     0 | D:1      | Reached XP level 1. HP: 11/11 MP: 2/2
   157 | D:1      | Reached XP level 2. HP: 15/16 MP: 3/3
   246 | D:1      | Reached skill level 3 in Fighting
   645 | D:2      | Reached XP level 3. HP: 20/20 MP: 4/4
   676 | D:2      | Found a faded altar of an unknown god.
   877 | D:2      | Found an ancient bone altar of Kikubaaqudgha.
  1636 | D:2      | Noticed Sigmund
  1648 | D:2      | Killed Sigmund
  1648 | D:2      | Reached skill level 1 in Dodging
  1648 | D:2      | Gained mutation: Your natural rate of healing is unusually
                  | fast. [Vine Stalker growth]
  1648 | D:2      | Reached XP level 4. HP: 17/25 MP: 5/5
  1648 | D:2      | Reached XP level 5. HP: 19/29 MP: 6/6
  1779 | D:3      | Reached XP level 6. HP: 33/33 MP: 7/7
  1940 | D:3      | Found a hide-covered altar of Uskayaw.
  2476 | D:4      | Noticed Menkaure
  2643 | D:4      | Noticed a hippogriff
  2653 | D:4      | Killed a hippogriff
  2653 | D:4      | Reached skill level 4 in Fighting
  2653 | D:4      | Reached XP level 7. HP: 21/37 MP: 8/8
  2694 | D:4      | Noticed Robin
  2721 | D:4      | Killed Robin
  2793 | D:5      | Entered Level 5 of the Dungeon
  2797 | D:5      | Killed Menkaure
  2812 | D:5      | Found a staircase to the Ecumenical Temple.
  2825 | Temple   | Entered the Ecumenical Temple
  3059 | D:5      | Found a sand-covered staircase.
  3097 | D:5      | Found a stormy altar of Qazlal.
  3125 | Ossuary  | Entered an ossuary
  3191 | Ossuary  | Gained mutation: You have razor-sharp teeth. [Vine Stalker
                  | growth]
  3191 | Ossuary  | Reached XP level 8. HP: 39/42 MP: 9/9
  3545 | Ossuary  | Reached skill level 5 in Fighting
  3626 | D:5      | Got a slimy robe
  3637 | D:5      | Identified the +1 robe of Conscience {rC+ SInv} (You found
                  | it on level 5 of the Dungeon)
  3755 | D:4      | Found a shattered altar of Ashenzari.
  3881 | D:4      | Noticed Ijyb
  3891 | D:4      | Killed Ijyb
  3949 | D:4      | Noticed an unseen horror
  3955 | D:4      | Reached skill level 5 in Armour
  4207 | D:4      | Reached XP level 9. HP: 47/47 MP: 10/10
  4390 | D:4      | Reached skill level 5 in Dodging
  5785 | D:6      | Noticed Maggie
  5845 | D:6      | Reached skill level 6 in Fighting
  5858 | D:6      | Killed Maggie
  5973 | D:6      | Noticed a troll
  6166 | D:6      | Killed a troll
  6166 | D:6      | Reached skill level 1 in Polearms
  6166 | D:6      | Reached skill level 1 in Stealth
  6246 | D:7      | Reached XP level 10. HP: 53/53 MP: 11/11
  6850 | D:8      | Reached skill level 7 in Fighting
  7165 | D:8      | Found Aguneem's Magic Scroll Emporium.
  7173 | D:8      | Bought a scroll of identify for 24 gold pieces
  7173 | D:8      | Bought a scroll of identify for 24 gold pieces
  7173 | D:8      | Bought a scroll of identify for 24 gold pieces
  7173 | D:8      | Bought a scroll of identify for 24 gold pieces
  7173 | D:8      | Bought a scroll of identify for 24 gold pieces
  7717 | D:9      | Found an iron altar of Okawaru.
  7727 | D:9      | Became a worshipper of Warmaster Okawaru
  7813 | D:9      | Noticed Maurice
  7953 | D:9      | Killed Maurice
  7953 | D:9      | Reached * piety under Okawaru
  7953 | D:9      | Reached skill level 1 in Invocations
  8159 | D:9      | Found a shimmering blue altar of Sif Muna.
  8251 | D:10     | Entered Level 10 of the Dungeon
  8284 | D:10     | Reached XP level 11. HP: 58/60 MP: 13/13
  8467 | D:10     | Found the +15 Maxwell's patent armour {-Cast -Tele rElec
                  | MR+ rCorr}
  8689 | D:10     | Found a staircase to the Orcish Mines.
  8707 | D:10     | Reached ** piety under Okawaru
  8713 | D:10     | Reached skill level 8 in Fighting
  8796 | D:10     | Reached skill level 5 in Polearms
  8835 | D:10     | Found a staircase to the Lair.
  8884 | D:10     | Noticed a skeletal warrior
  8885 | D:10     | Noticed a skeletal warrior
  8887 | D:10     | Noticed a skeletal warrior
  8899 | D:10     | Killed a skeletal warrior
  8899 | D:10     | Reached skill level 5 in Stealth
  8925 | D:10     | Killed a skeletal warrior
  8937 | D:10     | Killed a skeletal warrior
  8937 | D:10     | Reached *** piety under Okawaru
  9495 | D:10     | Noticed a two-headed ogre
  9509 | D:10     | Killed a two-headed ogre
  9615 | D:11     | Noticed a centaur warrior
  9636 | D:11     | Killed a centaur warrior
  9636 | D:11     | Reached **** piety under Okawaru
  9846 | D:11     | Noticed a two-headed ogre
  9857 | D:11     | Killed a two-headed ogre
  9857 | D:11     | Reached skill level 9 in Fighting
  9882 | D:11     | Gained mutation: You heal very quickly. [Vine Stalker
                  | growth]
  9882 | D:11     | Reached XP level 12. HP: 66/66 MP: 15/15
 10673 | D:12     | Noticed a seven-headed hydra
 10693 | D:11     | Killed a seven-headed hydra
 10756 | D:11     | Reached ***** piety under Okawaru
 10813 | D:12     | Found a transporter.
 10826 | D:12     | Noticed Kirke
 10889 | D:11     | Killed Kirke
 11005 | D:12     | Received a gift from Okawaru
 11234 | D:12     | Found a transporter.
 11607 | D:12     | Got a vibrating copper ring
 11615 | D:12     | Identified the ring "Hemeo" {Fire rPois} (You found it on
                  | level 12 of the Dungeon)
 11835 | D:12     | Got a pair of steaming boots
 11846 | D:12     | Identified the cursed +0 pair of boots of Resonance {rC+
                  | Int+2} (You found it on level 12 of the Dungeon)
 11855 | D:13     | Noticed a centaur warrior
 11864 | D:12     | Killed a centaur warrior
 11968 | D:13     | Found Toqodimp's Magic Scroll Shoppe.
 11976 | D:13     | Bought a scroll of teleportation for 33 gold pieces
 11976 | D:13     | Bought a scroll of identify for 22 gold pieces
 11976 | D:13     | Bought a scroll of summoning for 104 gold pieces
 11976 | D:13     | Bought a scroll of identify for 22 gold pieces
 11976 | D:13     | Bought a scroll of identify for 22 gold pieces
 11976 | D:13     | Bought a scroll of fear for 38 gold pieces
 12037 | D:13     | Found Saffag's Jewellery Emporium.
 12063 | D:13     | Reached skill level 10 in Fighting
 12105 | D:13     | Found Utsed's Assorted Antiques.
 12116 | D:13     | Noticed a vault guard
 12116 | D:13     | Noticed a vault guard
 12139 | D:13     | Killed a vault guard
 12139 | D:13     | Reached skill level 5 in Invocations
 12142 | D:13     | Noticed a vault guard
 12180 | D:13     | Killed a vault guard
 12180 | D:13     | Reached XP level 13. HP: 55/72 MP: 17/17
 12202 | D:13     | Killed a vault guard
 12202 | D:13     | Reached ****** piety under Okawaru
 12237 | D:13     | Received a gift from Okawaru
 12357 | D:13     | Found a gate to the Vaults.
 12948 | D:14     | Found a sacrificial altar of Ru.
 13131 | D:14     | Noticed Frances
 13282 | D:14     | Gained mutation: Scrolls take you a little longer to read.
                  | [a neqoxec]
 13302 | D:13     | Killed Frances
 13962 | D:15     | Entered Level 15 of the Dungeon
 13996 | D:15     | Reached skill level 11 in Fighting
 14179 | D:15     | Received a gift from Okawaru
 14380 | D:15     | Reached XP level 14. HP: 79/79 MP: 19/19
 14796 | D:15     | Found a staircase to the Depths.
 14906 | D:15     | Identified the +7 flail of Hejo {flame, +Rage rElec rF+
                  | rC+}
 15117 | D:15     | Reached skill level 10 in Polearms
 15563 | Lair:1   | Entered Level 1 of the Lair of Beasts
 15603 | Lair:1   | Found a gate leading to a gauntlet.
 15617 | Gauntlet | Entered a Gauntlet
 15617 | Gauntlet | Found a transporter.
 15617 | Gauntlet | Found a transporter.
 15621 | Gauntlet | Found a transporter.
 15621 | Gauntlet | Found a transporter.
 15623 | Gauntlet | Found a large runed translucent door.
 15624 | Gauntlet | Found a large runed translucent door.
 15625 | Gauntlet | Found a large runed translucent door.
 15625 | Gauntlet | Found a large runed translucent door.
 15625 | Gauntlet | Found a runed translucent door.
 15626 | Gauntlet | Found a large runed translucent door.
 15627 | Gauntlet | Found a large runed translucent door.
 15630 | Gauntlet | Found a transporter.
 15648 | Gauntlet | Found a runed translucent door.
 15649 | Gauntlet | Found a large runed translucent door.
 15649 | Gauntlet | Found a large runed translucent door.
 15649 | Gauntlet | Found a large runed translucent door.
 15650 | Gauntlet | Found a large runed translucent door.
 15651 | Gauntlet | Found a large runed translucent door.
 15655 | Gauntlet | Found a transporter.
 15666 | Gauntlet | Found a large runed translucent door.
 15667 | Gauntlet | Found a large runed translucent door.
 15667 | Gauntlet | Found a large runed translucent door.
 15668 | Gauntlet | Found a runed translucent gate.
 15668 | Gauntlet | Found a runed translucent gate.
 15668 | Gauntlet | Found a runed translucent gate.
 15670 | Gauntlet | Found a transporter.
 15680 | Gauntlet | Found a transporter.
 15680 | Gauntlet | Found a transporter.
 15680 | Gauntlet | Found a large runed translucent door.
 15681 | Gauntlet | Found a large runed translucent door.
 15683 | Gauntlet | Found a transporter.
 15715 | Gauntlet | Found a transporter.
 15718 | Gauntlet | Found a transporter.
 15821 | Gauntlet | Found a transporter.
 15843 | Gauntlet | Found a transporter.
 15916 | Gauntlet | Reached skill level 10 in Stealth
 15942 | Gauntlet | Received a gift from Okawaru
 15978 | Gauntlet | Identified a +2 pair of boots of running (Okawaru gifted it
                  | to you in a Gauntlet)
 15990 | Gauntlet | Got a scintillating graven amulet
 16008 | Gauntlet | Identified the amulet "Cadenn" {RegenMP rF- Str+2 Int+4}
                  | (You found it in a Gauntlet)
 16081 | Gauntlet | Identified the +6 quarterstaff "Vioheph" {protect, rPois
                  | Str+2 Int-2 Dex+2}
 16161 | Gauntlet | Got a scorched arbalest
 16299 | Lair:1   | Paralysed by a floating eye for 3 turns
 16311 | Lair:1   | Paralysed by a floating eye for 2 turns
 16352 | Lair:1   | Identified the +5 chain mail "Cafae" {Int+2} (You found it
                  | on level 1 of the Lair of Beasts)
 16531 | Lair:1   | You fall into a shaft and drop 1 floor!
 16538 | Lair:2   | Reached skill level 12 in Fighting
 16952 | Lair:2   | Found a staircase to the Snake Pit.
 17709 | Lair:3   | Reached XP level 15. HP: 84/84 MP: 21/21
 17836 | Lair:3   | Noticed Rupert
 17873 | Lair:3   | Killed Rupert
 18491 | Lair:4   | Found a staircase to the Shoals.
 19674 | Lair:6   | Entered Level 6 of the Lair of Beasts
 19710 | Lair:6   | Reached skill level 10 in Armour
 20111 | Lair:6   | Found a staircase to the Slime Pits.
 20456 | Lair:6   | Received a gift from Okawaru
 20651 | Lair:6   | Noticed Sonja
 20686 | Lair:6   | Killed Sonja
 21041 | Orc:1    | Entered Level 1 of the Orcish Mines
 21573 | Orc:1    | Reached skill level 10 in Dodging
 21673 | Orc:1    | Found a roughly hewn altar of Beogh.
 21803 | Orc:2    | Entered Level 2 of the Orcish Mines
 21803 | Orc:2    | Found a staircase to the Elven Halls.
 21975 | Orc:2    | Found a roughly hewn altar of Beogh.
 21983 | Orc:2    | Found Tesh's Antique Armour Boutique.
 22105 | Orc:2    | Reached XP level 16. HP: 86/90 MP: 23/23
 22281 | Orc:2    | Reached skill level 13 in Fighting
 22496 | Orc:2    | Found a roughly hewn altar of Beogh.
 22497 | Orc:2    | Found Uvajiz's Assorted Antiques.
 22530 | Orc:2    | Bought a faintly glowing ring mail for 207 gold pieces
 22532 | Orc:2    | Identified the +1 ring mail of Birdsong {MR+} (You bought
                  | it in a shop on level 2 of the Orcish Mines)
 22768 | Orc:2    | Found Wufeaq's Antique Weapon Shoppe.
 22769 | Orc:2    | Found a roughly hewn altar of Beogh.
 22791 | Orc:2    | Found Kaif's Antique Armour Emporium.
 23142 | Depths:1 | Entered Level 1 of the Depths
 23246 | Depths:1 | Received a gift from Okawaru
 23267 | Depths:1 | Noticed a tengu reaver
 23355 | Depths:1 | Found a one-way gate to the infinite horrors of the Abyss.
 23485 | Depths:1 | Found a gateway to a ziggurat.
 23485 | Depths:1 | Noticed a daeva
 23549 | Depths:1 | Killed a daeva
 23729 | Depths:1 | Found a gateway to Hell.
 25420 | Depths:2 | Received a gift from Okawaru
 25428 | Depths:2 | Reached XP level 17. HP: 85/96 MP: 25/25
 25524 | Depths:3 | Found Irousig's Assorted Antiques.
 25530 | Depths:3 | Bought a slimy bronze ring for 220 gold pieces
 25532 | Depths:3 | Identified the ring of Balance {Ice +Blink rPois SInv} (You
                  | bought it in a shop on level 3 of the Depths)
 25908 | Depths:2 | Received a gift from Okawaru
 25914 | Depths:2 | Reached skill level 14 in Fighting
 26172 | Depths:3 | Lost mutation: Scrolls take you a little longer to read.
                  | [potion of mutation]
 26172 | Depths:3 | Gained mutation: You have a pair of small horns on your
                  | head. [potion of mutation]
 26172 | Depths:3 | Gained mutation: You are clumsy. (Dex -2) [potion of
                  | mutation]
 26172 | Depths:3 | Gained mutation: You are partially covered in rugged brown
                  | scales. (AC +1, +3% HP) [potion of mutation]
 26173 | Depths:3 | Lost mutation: You are clumsy. (Dex -2) [potion of
                  | mutation]
 26173 | Depths:3 | Lost mutation: You have a pair of small horns on your head.
                  | [potion of mutation]
 26173 | Depths:3 | Lost mutation: You are partially covered in rugged brown
                  | scales. (AC +1, +3% HP) [potion of mutation]
 26173 | Depths:3 | Gained mutation: Your body sometimes deteriorates upon
                  | taking damage. [potion of mutation]
 26173 | Depths:3 | Gained mutation: You can translocate small distances at
                  | will. [potion of mutation]
 26173 | Depths:3 | Gained mutation: Your movements are slightly less
                  | encumbered by armour. (ER -2) [potion of mutation]
 26174 | Depths:3 | Lost mutation: Your body sometimes deteriorates upon taking
                  | damage. [potion of mutation]
 26174 | Depths:3 | Lost mutation: You can translocate small distances at will.
                  | [potion of mutation]
 26174 | Depths:3 | Lost mutation: Your movements are slightly less encumbered
                  | by armour. (ER -2) [potion of mutation]
 26174 | Depths:3 | Gained mutation: You are resistant to hostile enchantments.
                  | (MR+) [potion of mutation]
 26174 | Depths:3 | Gained mutation: Your muscles are strong. (Str +2) [potion
                  | of mutation]
 26354 | Depths:3 | Found a one-way gate leading to the halls of Pandemonium.
 26669 | Depths:3 | Reached skill level 10 in Invocations
 27124 | Depths:4 | Received a gift from Okawaru
 27159 | Depths:4 | Reached XP level 18. HP: 89/102 MP: 26/26
 27229 | Depths:4 | Noticed a titan
 27239 | Depths:4 | Noticed a tentacled monstrosity
 27246 | Depths:4 | Noticed a tentacled monstrosity
 27247 | Depths:4 | Noticed a lich
 27248 | Depths:4 | Noticed a lich
 27312 | Depths:4 | Killed a tentacled monstrosity
 27370 | Depths:4 | HP: 5/102 [ice dragon/blast of cold (9)]
 27790 | Depths:4 | Noticed a tentacled monstrosity
 27817 | Depths:4 | Killed a tentacled monstrosity
 28210 | Depths:4 | Noticed a quicksilver dragon
 28214 | Depths:4 | Noticed a golden dragon
 28500 | Depths:4 | HP: 4/103 [deep troll (11)]
 28664 | Depths:4 | Noticed a quicksilver dragon
 28665 | Depths:4 | Noticed a lich
 28665 | Depths:4 | Identified the +8 whip "Osovva" {elec, Dex+4 SInv}
 28696 | Depths:4 | Found a runed translucent door.
 28706 | Depths:4 | Noticed a titan
 28750 | Depths:4 | Noticed a golden dragon
 29083 | Snake:1  | Entered Level 1 of the Snake Pit
 29185 | Snake:1  | Received a gift from Okawaru
 29386 | Snake:1  | Reached skill level 15 in Fighting
 29706 | Snake:1  | Noticed Jorgrun
 29713 | Snake:1  | Killed Jorgrun
 29884 | Snake:1  | Found Etyomu's Gadget Boutique.
 29884 | Snake:1  | Found Cownufos's Jewellery Emporium.
 29885 | Snake:1  | Found Giafyp's Gadget Boutique.
 30127 | Snake:2  | Noticed Nikola
 30167 | Snake:2  | Killed Nikola
 30167 | Snake:2  | Received a gift from Okawaru
 30179 | Snake:2  | Found Gyifuhiq's Antique Weapon Boutique.
 30193 | Snake:2  | Found Tumpug's Armour Shop.
 30203 | Snake:2  | Bought the +1 troll leather armour of Puakhlyri {rN++
                  | Regen+ Int+2 Stlth+} for 712 gold pieces
 30279 | Snake:2  | Reached XP level 19. HP: 105/108 MP: 28/28
 30816 | Snake:3  | Found a hide-covered altar of Uskayaw.
 31011 | Snake:3  | Noticed Mara
 31013 | Snake:3  | Noticed HallandMoats's illusion
 31068 | Snake:3  | Noticed HallandMoats's illusion
 31080 | Snake:3  | Received a gift from Okawaru
 31119 | Snake:3  | Noticed HallandMoats's illusion
 31133 | Snake:3  | Killed Mara
 31976 | Snake:4  | Entered Level 4 of the Snake Pit
 32289 | Snake:4  | Received a gift from Okawaru
 32517 | Snake:4  | Received a gift from Okawaru
 32627 | Snake:4  | Got a smoking ring mail {god gift}
 32639 | Snake:4  | Identified the +0 ring mail "Cerec" {rCorr} (Okawaru gifted
                  | it to you on level 4 of the Snake Pit)
 32699 | Snake:4  | Got a serpentine rune of Zot
 32774 | Snake:4  | Reached XP level 20. HP: 110/114 MP: 29/29
 32981 | Shoals:1 | Entered Level 1 of the Shoals
 36657 | Shoals:3 | Reached skill level 15 in Polearms
 36887 | Shoals:3 | Reached skill level 16 in Fighting
 36931 | Shoals:4 | Entered Level 4 of the Shoals
 37023 | Shoals:4 | Noticed Polyphemus
 37174 | Shoals:4 | Killed Polyphemus
 37252 | Shoals:4 | Got a barnacled rune of Zot
 37767 | Shoals:4 | Identified the +10 halberd of Dawn {antimagic, Str+6} (You
                  | found it on level 4 of the Shoals)
 38067 | Shoals:4 | Received a gift from Okawaru
 38070 | Shoals:4 | Identified the +0 ring mail of Marbles {+Inv rN+++ MR-}
                  | (Okawaru gifted it to you on level 4 of the Shoals)
 38115 | Shoals:4 | Reached XP level 21. HP: 74/119 MP: 31/31
 38135 | Shoals:4 | Identified the cursed -6 kite shield "Loecrad" {MR+ SInv}
                  | (You found it on level 4 of the Shoals)
 38636 | Vaults:1 | Entered Level 1 of the Vaults
 38690 | Vaults:1 | Got a spiked cloak
 38814 | Vaults:1 | Identified the +5 cloak "Jaice" {rElec Int+3} (You found it
                  | on level 1 of the Vaults)
 40371 | Vaults:2 | Reached skill level 15 in Armour
 40477 | Vaults:2 | Found Jaobruax's Antique Weapon Shoppe.
 40643 | Vaults:2 | Received a gift from Okawaru
 40960 | Vaults:2 | Received a gift from Okawaru
 41371 | Vaults:2 | Reached skill level 15 in Dodging
 41415 | Vaults:2 | Got a jewelled plate armour
 41427 | Vaults:2 | Identified the cursed +1 plate armour "Yzoef" {rC+ rCorr
                  | Str+4 Int-5} (You found it on level 2 of the Vaults)
 41457 | Vaults:2 | Got a slimy plate armour
 41463 | Vaults:2 | Identified the +4 plate armour "Voalurih" {rN++} (You found
                  | it on level 2 of the Vaults)
 41606 | Vaults:3 | Found Iwaf's Distillery.
 41811 | Vaults:3 | Found a staircase to the Crypt.
 41826 | Vaults:3 | Received a gift from Okawaru
 41852 | Vaults:3 | Reached XP level 22. HP: 94/125 MP: 32/32
 41861 | Vaults:3 | Got a jewelled quarterstaff {god gift}
 41877 | Vaults:3 | Found a ruined gateway.
 41887 | Vaults:3 | Identified the +4 quarterstaff "Wiys Uwne" {vorpal, *Rage
                  | Int+6 Dex+7} (Okawaru gifted it to you on level 3 of the
                  | Vaults)
 41890 | Desolati | Entered the Desolation of Salt
 41982 | Desolati | Identified the Tome of Pathos
 42032 | Desolati | Identified Jerugud's Grimoire of Heat and Confrontation
 42040 | Desolati | Got a coiled amber ring
 42042 | Desolati | Identified the ring "Ismecah" {*Corrode +Blink MR+ Int+4
                  | Dex+5} (You found it in the Desolation of Salt)
 42051 | Desolati | Got a crystal quarterstaff
 42264 | Desolati | Got a bloodstained leather armour
 42275 | Desolati | Identified the +1 leather armour "Vaehin" {rCorr} (You
                  | found it in the Desolation of Salt)
 42282 | Desolati | Got a coiled jade amulet
 42303 | Desolati | Identified the cursed +1 quarterstaff of Truncation {flame,
                  | Dex+2} (You found it in the Desolation of Salt)
 42423 | Desolati | Received a gift from Okawaru
 42537 | Desolati | Got a smoking cloak {god gift}
 42833 | Desolati | Got a crystal spear
 42834 | Desolati | Identified the +12 spear "Hydraslayer" {elec, +Rage +Inv
                  | rC++ Int+3} (You found it in the Desolation of Salt)
 42847 | Desolati | Identified the +1 cloak of the Forgotten Stars {MR+ Dex+5}
                  | (Okawaru gifted it to you in the Desolation of Salt)
 42857 | Desolati | Reached XP level 23. HP: 130/130 MP: 33/33
 43684 | Vaults:3 | Identified the amulet of Fanaticism {+Rage rElec rPois rC+}
                  | (You found it in the Desolation of Salt)
 44567 | Vaults:4 | Noticed Mennas
 44630 | Vaults:4 | Killed Mennas
 44771 | Vaults:4 | Received a gift from Okawaru
 44862 | Vaults:4 | Reached skill level 17 in Fighting
 44878 | Vaults:4 | Received a gift from Okawaru
 45043 | Vaults:4 | Reached XP level 24. HP: 105/136 MP: 34/34
 45466 | Vaults:4 | Noticed Jory
 45489 | Vaults:4 | Killed Jory
 45665 | Vaults:4 | Noticed Frederick
 45683 | Vaults:4 | Killed Frederick
 46539 | Depths:4 | Received a gift from Okawaru
 46947 | Depths:4 | Received a gift from Okawaru
 46957 | Depths:4 | Identified the +7 spear of Ecra {vorpal, rElec Str+7 Int-5}
                  | (You found it on level 4 of the Depths)
 47490 | Elf:1    | Entered Level 1 of the Elven Halls
 47676 | Elf:1    | Reached XP level 25. HP: 141/141 MP: 34/34
 47715 | Elf:1    | Identified Asmodeus's Incunabulum of the Journeyman
 49056 | Elf:2    | Found a runed translucent gate.
 49058 | Elf:2    | Found a runed translucent gate.
 49059 | Elf:2    | Found a runed translucent gate.
 49469 | Elf:2    | Received a gift from Okawaru
 49481 | Elf:2    | Identified the +1 pair of boots of Ness {*Corrode MR+
                  | Int+2} (Okawaru gifted it to you on level 2 of the Elven
                  | Halls)
 49585 | Elf:3    | Entered Level 3 of the Elven Halls
 49949 | Elf:3    | Found Jaequlat's Assorted Antiques.
 49954 | Elf:3    | Found Joajaqi's General Store.
 49967 | Elf:3    | Bought a scroll of identify for 26 gold pieces
 49967 | Elf:3    | Bought a scroll of identify for 26 gold pieces
 50196 | Elf:3    | Identified the +0 broad axe "Vourr" {elec, rElec rC++ Dex-5
                  | Stlth+}
 50299 | Elf:3    | Found Xaidiutz's Assorted Antiques.
 50311 | Elf:3    | Bought a blackened chain mail for 313 gold pieces
 50311 | Elf:3    | Identified the +6 chain mail of Foolhardiness {MR+ Slay+3}
                  | (You bought it in a shop on level 3 of the Elven Halls)
 50504 | Elf:3    | Identified the amulet "Pawastust" {Faith rC+ Slay+3}
 50510 | Elf:3    | Reached skill level 15 in Invocations
 50568 | Elf:3    | Identified Vecerehu's Papyrus of the Snowflakes and
                  | Darkness
 50632 | Elf:3    | Identified the +7 plate armour of the Lost Path {Int+3}
                  | (You found it on level 3 of the Elven Halls)
 51014 | Slime:1  | Entered Level 1 of the Pits of Slime
 51121 | Slime:1  | Reached skill level 5 in Shields
 51724 | Slime:2  | Gained mutation: You are frail. (-10% HP) [a shining eye]
 51725 | Slime:2  | Gained mutation: You are very frail. (-20% HP) [a shining
                  | eye]
 51727 | Slime:2  | Gained mutation: Your mind is acute. (Int +2) [a shining
                  | eye]
 51728 | Slime:2  | Gained mutation: Your body sometimes deteriorates upon
                  | taking damage. [a shining eye]
 51729 | Slime:2  | Reached XP level 26. HP: 117/117 MP: 35/35
 51734 | Slime:2  | Gained mutation: Your magical capacity is low. (-10% MP) [a
                  | shining eye]
 52061 | Slime:3  | Received a gift from Okawaru
 52061 | Slime:3  | Reached skill level 18 in Fighting
 52174 | Slime:3  | Reached skill level 5 in Evocations
 52577 | Slime:3  | Paralysed by a floating eye for 2 turns
 52784 | Slime:5  | Entered Level 5 of the Pits of Slime
 52801 | Slime:5  | Noticed the Royal Jelly
 52935 | Slime:4  | Gained mutation: You are partially covered in large bone
                  | plates. (SH +4) [a shining eye]
 53342 | Slime:5  | Gained mutation: You are clumsy. (Dex -2) [a shining eye]
 53349 | Slime:5  | Gained mutation: You are extremely frail. (-30% HP) [a
                  | shining eye]
 53532 | Slime:5  | Gained mutation: Scrolls take you a little longer to read.
                  | [a shining eye]
 53698 | Slime:5  | Gained mutation: Armour fits poorly on your strangely
                  | shaped body. [a shining eye]
 53742 | Slime:5  | Gained mutation: You are occasionally teleported next to
                  | monsters. [a shining eye]
 53810 | Slime:5  | Killed the Royal Jelly
 53972 | Slime:5  | Found the +18 shield of the Gong {rElec rN+ MR+ EV-5}
 54042 | Slime:5  | Got a slimy rune of Zot
 54063 | Slime:5  | Identified the Compendium of Dark Dislocation
 54067 | Slime:5  | Got a flickering bronze ring
 54070 | Slime:5  | Identified the ring of Brilliance {rElec Str+5 Int+2
                  | Slay+2} (You found it on level 5 of the Pits of Slime)
 54079 | Slime:5  | Identified the ring "Juar" {+Inv +Fly Int+4 Stlth-} (You
                  | found it on level 5 of the Pits of Slime)
 54094 | Slime:5  | Identified the Compendium of Summoning and Displacement
 54103 | Slime:5  | Identified the ring "Noupouc" {Fire +Fly MR+} (You found it
                  | on level 5 of the Pits of Slime)
 54864 | Depths:5 | Entered Level 5 of the Depths
 54880 | Depths:5 | Noticed Xtahua
 54895 | Depths:5 | Received a gift from Okawaru
 54902 | Depths:5 | Killed Xtahua
 54903 | Depths:5 | Reached skill level 10 in Shields
 54935 | Depths:5 | Noticed Boris
 54967 | Depths:5 | Killed Boris
 54977 | Depths:5 | Found a flickering gateway to a bazaar.
 54986 | Bazaar   | Entered a bazaar
 55024 | Bazaar   | Found Meinej's Antique Weapon Emporium.
 55035 | Bazaar   | Found Caged's Antique Weapon Shoppe.
 55051 | Bazaar   | Found Vulir's Antique Armour Emporium.
 55062 | Bazaar   | Found Qommaug's Antique Armour Shoppe.
 55085 | Bazaar   | Bought a jewelled chain mail for 228 gold pieces
 55085 | Bazaar   | Bought a faintly humming buckler for 228 gold pieces
 55085 | Bazaar   | Bought a smoking hat for 216 gold pieces
 55087 | Bazaar   | Identified the +0 hat "Kelupryaj" {*Slow +Inv +Fly Stlth+}
                  | (You bought it in a shop in a bazaar)
 55089 | Bazaar   | Identified the +0 buckler of Repe {Dex+2 Stlth+} (You
                  | bought it in a shop in a bazaar)
 55099 | Bazaar   | Identified the cursed +0 chain mail of the Princess {+Inv
                  | Regen+ Int+3 Slay+2} (You bought it in a shop in a bazaar)
 55129 | Bazaar   | Bought a brightly glowing broad axe for 297 gold pieces
 55129 | Bazaar   | Identified the +9 broad axe "Pidif" {venom, *Rage +Rage
                  | rElec Int+5} (You bought it in a shop in a bazaar)
 55257 | Depths:5 | Gained mutation: Your magical capacity is very low. (-20%
                  | MP) [a shining eye]
 55259 | Depths:5 | Gained mutation: Your body often deteriorates upon taking
                  | damage. [a shining eye]
 55269 | Depths:5 | Found a gate to the Realm of Zot.
 55823 | Depths:5 | Found a runed translucent door.
 55824 | Depths:5 | Noticed Mavorror's ghost (veteran FoFi)
 55956 | Depths:5 | Killed Mavorror's ghost
 55956 | Depths:5 | Reached XP level 27. HP: 103/107 MP: 28/28
 56006 | Zot:1    | Entered Level 1 of the Realm of Zot
 56006 | Zot:1    | Found a transporter.
 56030 | Zot:1    | Noticed Xicving's ghost (master DEAE)
 56032 | Zot:1    | Identified the cursed +0 cloak of Objectivity {Slay+2}
 56033 | Zot:1    | Noticed an ancient lich
 56041 | Zot:1    | Found a transporter.
 56060 | Zot:1    | Reached skill level 19 in Fighting
 56101 | Zot:1    | Received a gift from Okawaru
 57152 | Zot:2    | Received a gift from Okawaru
 57809 | Zot:2    | Noticed an orb of fire
 57832 | Zot:2    | Killed an orb of fire
 59476 | Zot:3    | You fall into a shaft and drop 1 floor!
 59553 | Zot:3    | Reached skill level 20 in Fighting
 59921 | Zot:3    | Received a gift from Okawaru
 60281 | Zot:3    | Lost mutation: Armour fits poorly on your strangely shaped
                  | body. [potion of mutation]
 60281 | Zot:3    | Lost mutation: Your magical capacity is very low. (-20% MP)
                  | [potion of mutation]
 60281 | Zot:3    | Lost mutation: Your body often deteriorates upon taking
                  | damage. [potion of mutation]
 60281 | Zot:3    | Lost mutation: You are resistant to hostile enchantments.
                  | (MR+) [potion of mutation]
 60281 | Zot:3    | Lost mutation: Your body sometimes deteriorates upon taking
                  | damage. [potion of mutation]
 60281 | Zot:3    | Lost mutation: You are extremely frail. (-30% HP) [potion
                  | of mutation]
 60281 | Zot:3    | Gained mutation: You regenerate. [potion of mutation]
 60282 | Zot:3    | Lost mutation: Scrolls take you a little longer to read.
                  | [potion of mutation]
 60282 | Zot:3    | Lost mutation: Your mind is acute. (Int +2) [potion of
                  | mutation]
 60282 | Zot:3    | Lost mutation: Your muscles are strong. (Str +2) [potion of
                  | mutation]
 60282 | Zot:3    | Lost mutation: You regenerate. [potion of mutation]
 60282 | Zot:3    | Gained mutation: You have a pair of small horns on your
                  | head. [potion of mutation]
 60282 | Zot:3    | Lost mutation: You have a pair of small horns on your head.
                  | [potion of mutation]
 60282 | Zot:3    | Gained mutation: You have large cloven feet. [potion of
                  | mutation]
 60283 | Zot:3    | Lost mutation: You have large cloven feet. [potion of
                  | mutation]
 60283 | Zot:3    | Lost mutation: You are very frail. (-20% HP) [potion of
                  | mutation]
 60283 | Zot:3    | Lost mutation: You are frail. (-10% HP) [potion of
                  | mutation]
 60283 | Zot:3    | Gained mutation: Your spells are a little harder to cast,
                  | but a little more powerful. [potion of mutation]
 60284 | Zot:3    | Lost mutation: You are clumsy. (Dex -2) [potion of
                  | mutation]
 60284 | Zot:3    | Lost mutation: Your magical capacity is low. (-10% MP)
                  | [potion of mutation]
 60284 | Zot:3    | Lost mutation: You are partially covered in large bone
                  | plates. (SH +4) [potion of mutation]
 60284 | Zot:3    | Gained mutation: Your magical capacity is low. (-10% MP)
                  | [potion of mutation]
 60284 | Zot:3    | Gained mutation: You have sharp toenails. [potion of
                  | mutation]
 60284 | Zot:3    | Gained mutation: You are partially covered in slimy green
                  | scales. (AC +2) [potion of mutation]
 60589 | Orc:2    | Bought a potion of mutation for 184 gold pieces
 60783 | Vaults:3 | Bought a potion of mutation for 160 gold pieces
 60783 | Vaults:3 | Bought a potion of mutation for 160 gold pieces
 60783 | Vaults:3 | Bought a potion of mutation for 160 gold pieces
 60783 | Vaults:3 | Lost mutation: Your spells are a little harder to cast, but
                  | a little more powerful. [potion of mutation]
 60783 | Vaults:3 | Lost mutation: Your magical capacity is low. (-10% MP)
                  | [potion of mutation]
 60783 | Vaults:3 | Lost mutation: You have sharp toenails. [potion of
                  | mutation]
 60783 | Vaults:3 | Gained mutation: You are agile. (Dex +2) [potion of
                  | mutation]
 60784 | Vaults:3 | Lost mutation: You are occasionally teleported next to
                  | monsters. [potion of mutation]
 60784 | Vaults:3 | Gained mutation: You have a pair of small horns on your
                  | head. [potion of mutation]
 60784 | Vaults:3 | Lost mutation: You have a pair of small horns on your head.
                  | [potion of mutation]
 60784 | Vaults:3 | Lost mutation: You are partially covered in slimy green
                  | scales. (AC +2) [potion of mutation]
 60784 | Vaults:3 | Gained mutation: You have sharp toenails. [potion of
                  | mutation]
 60847 | Vaults:5 | Entered Level 5 of the Vaults
 61231 | Vaults:5 | HP: 6/158 [green very ugly thing (5)]
 61237 | Vaults:5 | Reached skill level 21 in Fighting
 61248 | Vaults:5 | HP: 5/159 [deep elf high priest/damnation (7)]
 61278 | Vaults:5 | Got a silver rune of Zot
 61332 | Vaults:5 | Received a gift from Okawaru
 61404 | Vaults:5 | Identified the +10 ring mail of Puhentah {rPois rCorr}
 61977 | Vaults:5 | Identified the Reference Book on the Snowflakes
 61980 | Vaults:5 | Identified the Tome of Assistive Earth
 61987 | Vaults:5 | Identified the +0 pair of gloves "Ihil" {+Fly rPois rCorr
                  | Int-4} (You found it on level 5 of the Vaults)
 62210 | Vaults:5 | Received a gift from Okawaru
 62214 | Vaults:5 | Got a smoking wooden ring
 62215 | Vaults:5 | Identified the ring "Mielicucw" {rElec rF+ Int+6} (You
                  | found it on level 5 of the Vaults)
 62591 | Vaults:5 | Identified the ring "Koenwim" {+Fly rElec rN+ Dex-5 Slay+6}
                  | (You found it on level 5 of the Vaults)
 62718 | Vaults:5 | Identified the +6 morningstar of the Penguin {pain, *Drain
                  | rElec rPois Stlth+} (You found it on level 5 of the Vaults)
 64006 | Zot:5    | Entered Level 5 of the Realm of Zot
 64192 | Zot:5    | Reached skill level 15 in Shields
 64216 | Zot:5    | Noticed an orb of fire
 64217 | Zot:5    | Noticed an orb of fire
 64232 | Zot:5    | Noticed an orb of fire
 64248 | Zot:5    | Gained mutation: Your body sometimes deteriorates upon
                  | taking damage. [an orb of fire]
 64249 | Zot:5    | Noticed an orb of fire
 64260 | Zot:5    | Gained mutation: You are very agile. (Dex +4) [an orb of
                  | fire]
 64261 | Zot:5    | HP: 1/160 [orb of fire/fireball (13)]
 64265 | Zot:5    | Gained mutation: Scrolls take you a little longer to read.
                  | [an orb of fire]
 64499 | Zot:4    | Killed an orb of fire
 64499 | Zot:4    | Reached skill level 10 in Evocations
 64507 | Zot:5    | Gained mutation: Your body often deteriorates upon taking
                  | damage. [an orb of fire]
 64519 | Zot:4    | Killed an orb of fire
 64519 | Zot:4    | Received a gift from Okawaru
 64527 | Zot:5    | Noticed an orb of fire
 64533 | Zot:5    | Killed an orb of fire
 64544 | Zot:5    | Killed an orb of fire
 64561 | Zot:5    | Killed an orb of fire
 64738 | Zot:5    | Found a runed translucent gate.
 64739 | Zot:5    | Found a runed translucent gate.
 64739 | Zot:5    | Noticed vegansnacktivist's ghost (legendary HOFi)
 64740 | Zot:5    | Noticed mistaj's ghost (legendary DDMo)
 64741 | Zot:5    | Noticed Steadysplat's ghost (legendary GnFi)
 64744 | Zot:5    | Found a runed translucent gate.
 64790 | Zot:5    | Received a gift from Okawaru
 64799 | Zot:5    | Identified the +1 pair of boots of a Million Shrikes
                  | {*Drain Regen+ rCorr} (Okawaru gifted it to you on level 5
                  | of the Realm of Zot)
 64926 | Zot:5    | Noticed an orb of fire
 64940 | Zot:5    | Killed an orb of fire
 65036 | Zot:5    | Noticed an orb of fire
 65038 | Zot:5    | Gained mutation: You are dopey. (Int -2) [an orb of fire]
 65053 | Zot:5    | Gained mutation: You are frail. (-10% HP) [an orb of fire]
 65061 | Zot:5    | Killed an orb of fire
 65064 | Zot:5    | Noticed an ancient lich
 65064 | Zot:5    | Noticed an orb of fire
 65084 | Zot:5    | Killed an orb of fire
 65092 | Zot:5    | Killed an ancient lich
 65092 | Zot:5    | Reached skill level 22 in Fighting
 65244 | Zot:5    | Received a gift from Okawaru
 65246 | Zot:5    | Noticed an orb of fire
 65249 | Zot:5    | Gained mutation: You are very dopey. (Int -4) [an orb of
                  | fire]
 65262 | Zot:5    | Killed an orb of fire
 65336 | Zot:5    | Noticed an ancient lich
 65346 | Zot:5    | Killed an ancient lich
 65703 | Zot:5    | Got the Orb of Zot
 65838 | Zot:4    | Noticed Woseudosh the pandemonium lord
 65865 | Zot:4    | Killed Woseudosh the pandemonium lord
 66157 | D:11     | Received a gift from Okawaru
 66621 | D:1      | Noticed Oleycvyph the pandemonium lord
 66625 | D:1      | Noticed Boris
 66639 | D:1      | Killed Boris
 66647 | D:$      | Escaped with the Orb!

Levels and vault maps discovered:
D:1:      heliophobic_arrival_henge, layout_loops_cross
D:2:      layout_loops_ring, kiku_gazebo_garden_becter,
          chequers_ecumenical_altar_island, uniq_sigmund
D:3:      layout_loops_ring, eat_drink_and_be_merry_uskayaw, first_ration,
          minmay_circle_x
D:4:      lemuel_castle_with_subvaults [lemuel_castle_interior_original],
          layout_basic, kennysheep_little_box, uniq_robin, uniq_menkaure,
          uniq_ijyb
D:5:      layout_basic, old_standard_altar, minmay_temple_entry_waves,
          enter_ossuary_5, hangedman_decor_opposing
D:6:      layout_basic, minmay_fractal_squares_5, uniq_maggie
D:7:      layout_loops_ring
D:8:      minmay_the_grid_square_5x5_3x3
          [minmay_the_grid_square_5x5_almost_minimal,
          minmay_the_grid_square_5x5_comb,
          minmay_the_grid_square_5x5_broken_cross,
          minmay_the_grid_square_5x5_moneybag,
          minmay_the_grid_square_5x5_megaprize_hollow,
          minmay_the_grid_square_5x5_two_walls_a,
          minmay_the_grid_square_5x5_lines, minmay_the_grid_square_5x5_inner_v,
          minmay_the_grid_square_5x5_minivault], layout_loops_ring,
          serial_shops, nicolae_shop_trees, kennysheep_generic_room_9
D:9:      layout_cave_pools, lemuel_coloured_pillars_altar,
          okawaru_ov_weapons_minmay, uniq_maurice
D:10:     layout_basic, david_lair_generic, orc_0_dummy
D:11:     layout_layer_cave, grunt_ogre_cave
D:12:     gammafunk_worm_tunnel, layout_cave_pools, chequers_jeans,
          kennysheep_cluttered_room, uniq_kirke
D:13:     layout_roguey, ximxim_vaults_locker_room, serial_shops, shop, shop,
          kennysheep_mini_moat, grunt_ministairs_2
D:14:     layout_irregular_city, roderic_lattice_a, hangedman_ru_absence,
          uniq_frances
D:15:     grunt_enter_depths_hoard, layout_basic, skrybe_limestone_x,
          minmay_mirror_moons_of_madness
Temple:   regret_index_temple_sphere_string
Lair:1:   layout_regular_city, gauntlet_entry_generic, disabler_island
Lair:2:   layout_regular_city, minmay_snake_entry_six_corridors,
          patterned_corridor
Lair:3:   layout_hall_layers, grunt_megastairs_3, uniq_rupert
Lair:4:   layout_roguey, elwin_shoals_entry_stream, minivault_26
Lair:5:   layout_hall_layers, chequers_serial_rivers_micro_e, minmay_holes
Lair:6:   hangedman_lair_in_review, layout_gridlike, guppyfry_lair_end_dragon,
          dpeg_slime_entry_corner, infiniplex_staircase_pool,
          serial_bayou_shore_b, uniq_sonja
Shoals:1: layout_shoals, centaur_isle
Shoals:2: layout_shoals
Shoals:3: cheibrodos_shoals_three_sisters, layout_shoals
Shoals:4: shoals_end_grunt_ice, layout_shoals, nicolae_shoals_circle_sea_wall,
          uniq_polyphemus
Snake:1:  layout_layer_cave, serial_bayou_shore_b, serial_bayou_shore_b,
          minmay_shop_grove, uniq_jorgrun
Snake:2:  layout_basic, minmay_shoptagon, uniq_nikola
Snake:3:  layout_cave_town, basic_altar, uniq_mara
Snake:4:  snake_pit, layout_rooms
Slime:1:  layout_caves
Slime:2:  layout_caves, cheibrodos_slime_lost_civilization_5
Slime:3:  layout_caves
Slime:4:  layout_caves
Slime:5
Orc:1:    layout_diamond_mine, serial_shops, basic_altar, special_room
          [special_room_bee]
Orc:2:    grunt_orc_community_town_hall, layout_diamond_mine,
          grunt_orc_community_big_house_1, grunt_orc_community_big_house_2,
          grunt_orc_community_house_2, grunt_orc_community_house_3,
          grunt_orc_community_house_1, grunt_orc_community_house_2,
          grunt_orc_community_house_1, grunt_orc_community_house_2
Elf:1:    layout_gridlike, minmay_elf_demonology, nicolae_elf_v_pinch,
          minivault_25_ag
Elf:2:    layout_geoelf_octagon, lemuel_elevator
Elf:3:    minmay_elf_hall_not_hex, layout_geoelf_octagon, serial_shops,
          nicolae_shop_overgrown_old_shop, nicolae_shop_trees, shop
Vaults:1: hangedman_vaults_slither, vaults_room_grunt_arrival_checkpoint,
          grunt_vaults_funnel, ontoclasm_vaults_fault,
          vaults_standard_mumra_lines, hangedman_vaults_hat,
          vaults_room_ringed_pool, v_alt_pattern_4, hangedman_vaults_nails,
          nicolae_vaults_halls_meeting, layout_vaults_maze_bifur
Vaults:2: v_misc_15, grunt_vaults_focal, nicolae_vaults_arrows,
          vaults_room_grid, vaults_dpeg_encased_lava,
          nicolae_vaults_yaktaur_gun_rack, vaults_standard_mumra_x,
          nicolae_vaults_angled_halls, hangedman_vaults_stagger,
          nicolae_vaults_rhombus_6, nicolae_vaults_little_squares_6,
          layout_vaults_big_cross, serial_shops, shop
Vaults:3: nicolae_vaults_little_squares_3,
          vaults_standard_mumra_enter_the_diamond,
          minmay_crypt_entry_simple_plaza, nicolae_vaults_big_angled_halls,
          nicolae_vaults_little_ls, vaults_room_glass_cross,
          nicolae_vaults_sealed_display, nicolae_vaults_little_squares_6,
          ontoclasm_vaults_gateway, layout_vaults_omnigrid, serial_shops, shop,
          portal_desolation_entry_garden
Vaults:4: v_pattern_1, nicolae_vaults_windows_and_doors_thing, vaults_mumra_hex,
          v_misc_13, nicolae_vaults_ring_of_whatevers, vaults_room_corners,
          hangedman_vaults_restitches, grunt_vaults_bifocal, v_misc_8,
          nicolae_vaults_network_periphery, nicolae_vaults_little_squares_4,
          vaults_room_pools, st_lines, ontoclasm_vaults_shuriken,
          layout_vaults_omnibox, uniq_mennas, uniq_jory, uniq_frederick
Vaults:5
Depths:1: layout_gridlike, enter_ziggurat_c, serial_rivers,
          chequers_serial_rivers_room_b, chequers_serial_rivers_room_a,
          chequers_serial_rivers_micro_a, chequers_serial_rivers_marsh,
          chequers_serial_rivers_room_b, chequers_serial_rivers_large_a,
          abyss_entry, hell_entry, nrook_mini_vaults, minmay_misc_feat_chi,
          minmay_misc_feat_iff, water_maze_lemuel
Depths:2: kennysheep_ogre_elephant_herders, layout_honeycomb,
          pf_hell_entry_tar_river, abyss_entry,
          infiniplex_staircase_hallway_doors, serial_bayou_shore_b
Depths:3: minmay_slanted_spiral_squares, layout_gridlike, hell_entry,
          serial_shops, nicolae_shop_overgrown_old_shop, hangedman_decor_lopped,
          abyss_entry, pan_entry
Depths:4: box_level_dp, hell_entry, abyss_entry, pan_entry
Depths:5: grunt_zot_entry_tricorne, layout_cave_pools,
          ebering_ghost_inner_flame, grunt_decor_fettered,
          grunt_hell_entry_dis_grunt, serial_shops, bzr_in_the_mist,
          serial_bayou_shore_b, uniq_xtahua, uniq_boris
Zot:1:    grunt_twist_and_shout, layout_cathedral_of_symmetry,
          gammafunk_ghost_abyssal_escape
Zot:2:    layout_basic, hangedman_elemental_grid_stream, grunt_megastairs_4
Zot:3:    layout_twisted_circle
Zot:4:    layout_gridlike
Zot:5:    layout_gridlike, gammafunk_ghost_cemetery, grunt_ministairs_12

Skill      XL: |  1  2  3  4  5  6  7  8  9 10 11 12 13 14 15 16 17 18 19 20 21 22 23 24 25 26 27 |
---------------+----------------------------------------------------------------------------------+-----
Axes           | 2 3 |  3.7
Fighting       | 3 4 5 6 7 9 10 11 12 13 14 15 16 17 18 22 | 22.5
Shields        | 3 4 5 11 16 | 16.8
Dodging        | 1 3 4 6 7 8 9 10 11 12 13 14 15 16 17 19 | 19.3
Armour         | 3 4 5 6 7 8 9 10 11 12 13 14 15 16 17 18 19 | 19.4
Polearms       | 1 4 6 8 9 10 11 12 13 14 15 16 17 19 | 19.3
Stealth        | 1 4 6 7 9 10 | 10.7
Invocations    | 1 3 5 6 7 8 9 10 11 12 13 14 15 17 | 17.1
Evocations     | 4 6 11 | 11.5

Action                   |  1- 3 |  4- 6 |  7- 9 | 10-12 | 13-15 | 16-18 | 19-21 | 22-24 | 25-27 || total
-------------------------+-------+-------+-------+-------+-------+-------+-------+-------+-------++-------
Melee: War axe           |   107 |    66 |       |       |       |       |       |       |       ||   173
       Bite              |    26 |    27 |   249 |   279 |   631 |   726 |  1108 |   830 |  1727 ||  5603
       Short sword       |       |    24 |   547 |       |       |       |       |       |       ||   571
       Lance             |       |       |    24 |   747 |  1577 |  1440 |  2102 |  1439 |  3009 || 10338
Invok: Heroism           |       |       |       |     1 |       |     1 |     2 |       |     5 ||     9
       Finesse           |       |       |       |       |       |       |       |       |     2 ||     2
Evoke: Wand              |       |       |       |       |     2 |     7 |       |     1 |    11 ||    21
       Tin of tremorston |       |       |       |       |       |     2 |       |     2 |       ||     4
  Use: Potion            |     1 |       |     1 |     2 |     1 |     7 |     8 |     5 |    20 ||    45
       Scroll            |       |     1 |       |    29 |    15 |     8 |    13 |     4 |    26 ||    96
 Stab: Sleeping          |       |     1 |     2 |     7 |       |       |     4 |       |     1 ||    15
       Distracted        |       |       |       |     1 |       |       |     1 |       |     1 ||     3
       Petrified         |       |       |       |       |     2 |       |       |       |       ||     2
       Confused          |       |       |       |       |       |     6 |       |       |     6 ||    12
       Invisible         |       |       |       |       |       |       |     2 |       |     1 ||     3
  Eat: Chunk             |     1 |     1 |    10 |    17 |    28 |    18 |    52 |    19 |    20 ||   166
       Ration            |       |     1 |     1 |     1 |     1 |     2 |     1 |     2 |    12 ||    21
Armor: Scale mail        |    32 |       |       |       |       |       |       |       |       ||    32
       Ring mail         |    22 |       |       |       |       |       |       |       |       ||    22
       Robe              |       |    21 |    74 |    37 |       |       |       |       |       ||   132
       Plate armour      |       |       |       |   372 |   867 |   706 |   884 |   547 |   843 ||  4219
       Troll leather arm |       |       |       |       |       |       |    21 |       |       ||    21
       Gold dragon scale |       |       |       |       |       |       |       |       |    95 ||    95
       Fire dragon scale |       |       |       |       |       |       |       |       |    16 ||    16
Dodge: Dodged            |    64 |    53 |   429 |   413 |   910 |   613 |  1266 |   702 |  1113 ||  5563
       Deflected         |       |       |       |       |       |    22 |   118 |    18 |    87 ||   245
Block: Kite shield       |     9 |       |       |       |       |       |       |       |  1839 ||  1848
       Buckler           |    23 |    28 |   144 |   220 |   498 |   360 |   608 |   323 |   353 ||  2557

Table legend:
 A = Non-vault XP
 B = Vault XP
 C = Vault XP percentage of total XP
 D = Non-vault monster count
 E = Vault monster count
 F = Vault count percentage of total count
                 A         B        C        D         E       F
            +---------+---------+-------+---------+---------+-------
      Total |  874207 |  925793 |  51.4 |    1572 |    1059 |  40.3
            +---------+---------+-------+---------+---------+-------
        D:1 |      33 |       0 |   0.0 |      21 |       0 |   0.0
        D:2 |      49 |     223 |  82.0 |      19 |       1 |   5.0
        D:3 |      98 |      26 |  21.0 |      27 |       7 |  20.6
        D:4 |     544 |     917 |  62.8 |      11 |      72 |  86.7
        D:5 |     289 |     183 |  38.8 |      14 |       1 |   6.7
        D:6 |    1026 |     662 |  39.2 |      27 |       6 |  18.2
        D:7 |     964 |       0 |   0.0 |      18 |       0 |   0.0
        D:8 |     744 |     506 |  40.5 |      21 |      11 |  34.4
        D:9 |    1166 |     480 |  29.2 |      30 |       1 |   3.2
       D:10 |    6594 |    1031 |  13.5 |      42 |       4 |   8.7
       D:11 |    5613 |    2343 |  29.4 |      26 |       3 |  10.3
       D:12 |    3344 |     888 |  21.0 |      23 |       1 |   4.2
       D:13 |    3906 |    7240 |  65.0 |      20 |      14 |  41.2
       D:14 |   12989 |       0 |   0.0 |      41 |       0 |   0.0
       D:15 |   13061 |    5966 |  31.4 |      60 |       9 |  13.0
     Lair:1 |    1836 |    1270 |  40.9 |      10 |       3 |  23.1
     Lair:2 |    3166 |    2155 |  40.5 |      13 |      15 |  53.6
     Lair:3 |    2144 |    4643 |  68.4 |      10 |       7 |  41.2
     Lair:4 |    3574 |    1711 |  32.4 |      11 |       4 |  26.7
     Lair:5 |    4293 |       0 |   0.0 |      18 |       0 |   0.0
     Lair:6 |    3675 |   14713 |  80.0 |      16 |      36 |  69.2
   Shoals:1 |    7521 |    1923 |  20.4 |      18 |       6 |  25.0
   Shoals:2 |   19109 |       0 |   0.0 |      35 |       0 |   0.0
   Shoals:3 |   20936 |   12323 |  37.1 |      36 |      16 |  30.8
   Shoals:4 |   11017 |   21316 |  65.9 |      25 |      31 |  55.4
    Snake:1 |   17508 |    3004 |  14.6 |      33 |       1 |   2.9
    Snake:2 |   15730 |    3687 |  19.0 |      28 |       1 |   3.4
    Snake:3 |   22264 |    7992 |  26.4 |      37 |       1 |   2.6
    Snake:4 |   13558 |   29137 |  68.2 |      19 |      44 |  69.8
    Slime:1 |   17087 |       0 |   0.0 |      39 |       0 |   0.0
    Slime:2 |   13772 |       0 |   0.0 |      21 |       0 |   0.0
    Slime:3 |   23845 |       0 |   0.0 |      41 |       0 |   0.0
    Slime:4 |   20627 |    2578 |  11.1 |      25 |       2 |   7.4
    Slime:5 |   11236 |   24549 |  68.6 |      15 |      10 |  40.0
      Orc:1 |    2097 |    1798 |  46.2 |      23 |      25 |  52.1
      Orc:2 |    6025 |    6239 |  50.9 |      55 |      77 |  58.3
      Elf:1 |   27723 |    5663 |  17.0 |      45 |       9 |  16.7
      Elf:2 |   14070 |   25477 |  64.4 |      29 |      30 |  50.8
      Elf:3 |   12908 |   42056 |  76.5 |      22 |      33 |  60.0
   Vaults:1 |   23386 |   25666 |  52.3 |      39 |      45 |  53.6
   Vaults:2 |   16711 |   23147 |  58.1 |      33 |      31 |  48.4
   Vaults:3 |   26411 |   14138 |  34.9 |      45 |      17 |  27.4
   Vaults:4 |   51631 |   53827 |  51.0 |      71 |      47 |  39.8
   Vaults:5 |   33798 |  122413 |  78.4 |      41 |      87 |  68.0
   Depths:1 |   22942 |    3561 |  13.4 |      38 |       2 |   5.0
   Depths:2 |   21552 |    1998 |   8.5 |      23 |       5 |  17.9
   Depths:3 |   33881 |   23605 |  41.1 |      35 |      19 |  35.2
   Depths:4 |   34574 |   83010 |  70.6 |      44 |      67 |  60.4
   Depths:5 |   35297 |   34649 |  49.5 |      47 |      19 |  28.8
      Zot:1 |   13228 |   28025 |  67.9 |      12 |      23 |  65.7
      Zot:2 |   32345 |   28454 |  46.8 |      18 |      15 |  45.5
      Zot:3 |   61550 |       0 |   0.0 |      36 |       0 |   0.0
      Zot:4 |   35448 |   17762 |  33.4 |      25 |       2 |   7.4
      Zot:5 |   85312 |  174124 |  67.1 |      41 |      42 |  50.6
    Ossuary |       0 |     528 | 100.0 |       0 |      37 | 100.0
 Desolation |       0 |   51174 | 100.0 |       0 |      99 | 100.0
   Gauntlet |       0 |    7013 | 100.0 |       0 |      21 | 100.0
            +---------+---------+-------+---------+---------+-------
